Predators vs Canucks

Created - November 18, 2016 at 18:53

Goals
1 2 3 T
Predators 2 3 0 5
Canucks 1 0 1 2
Shots
1 2 3 T
Predators 15 10 2 27
Canucks 4 19 10 33

1st period

1. Canucks , Alexander Burmistrov 2 (Brent Burns, Matt Beleskey) at 4:17
2. Predators , Zbynek Michalek 4 (Derick Brassard, Nicklas Backstrom) at 11:00
3. Predators , Oscar Klefbom 2 (Derick Brassard, Zbynek Michalek) at 13:23

Penalties :
Alex Pietrangelo (VAN) for Tripping (Minor) at 0:24, Cody Ceci (VAN) for Goalie Interference (Minor) at 8:32, Cody Ceci (VAN) for Tripping (Minor) at 14:26

2nd period

4. Predators , Kevin Hayes 7 (Steven Stamkos, Vladislav Namestnikov) at 7:46
5. Predators , Joe Colborne 7 (Vincent Trocheck) at 10:31
6. Predators , Joe Colborne 8 (John Moore, Vincent Trocheck) at 10:43

Penalties :
Vincent Trocheck (NSH) for High sticking (Minor) at 1:24, Zbynek Michalek (NSH) for Hooking (Minor) at 4:05, J.T. Miller (NSH) for Holding (Minor) at 15:45, Steven Stamkos (NSH) for Hooking (Minor) at 19:54

3rd period

7. Canucks , Reilly Smith 7 (Evander Kane, Evgeny Kuznetsov) at 16:19

Penalties :
Curtis Lazar (VAN) for Delaying the game (Minor) at 2:28, Joe Colborne (NSH) for Hooking (Minor) at 7:08, Brent Burns (VAN) for Charging (Minor) at 11:02, Jimmy Hayes (VAN) for Hooking (Minor) at 13:47, Zach Bogosian (NSH) for Hooking (Minor) at 18:20

Goalie Stats

Pekka Rinne (NSH), 31 saves from 33 shots - (0.939), W, 6-7-2, 60:00 minutes
Yann Danis (VAN), 7 saves from 9 shots - (0.778), 32:14 minutes
Henrik Lundqvist (VAN), 15 saves from 18 shots - (0.833), L, 7-8-4, 27:46 minutes

Players Stats for Predators

Player Name              G  A  P  +/- PIM S  H  SB GA TA FO     MP     PP MP  PK MP  
------------------------------------------------------------------------------------
Colton Sissons           0  0  0  -1  0   0  0  0  0  0  0/0     0:57   0:00   0:25 
Derick Brassard          0  2  2   2  0   1  1  0  0  0  5/8    13:20   0:00   0:00 
J.T. Miller              0  0  0  -1  2   1  0  0  0  0  7/17   15:50   6:08   6:26 
Jaden Schwartz           0  0  0   2  0   2  0  1  0  0  1/9    15:45   6:08   2:48 
Joe Colborne             2  0  2   0  2   3  0  0  0  0  4/10   10:37   0:00   0:00 
John Moore               0  1  1   3  0   1  0  3  0  0  0/0     8:52   0:00   1:15 
Kevin Hayes              1  0  1   1  0   2  1  1  0  0  0/1    25:06   5:46   6:46 
Klas Dahlbeck            0  0  0   3  0   1  0  2  0  0  0/0    19:21   5:43   5:37 
Max Pacioretty           0  0  0   2  0   2  1  1  0  0  0/1    22:52   6:08   3:24 
Nicklas Backstrom        0  1  1   2  0   1  0  0  0  0  0/0    13:20   0:00   0:00 
Oscar Klefbom            1  0  1   1  0   1  0  1  0  0  0/0    15:03   0:00   0:26 
Phillip Di Giuseppe      0  0  0  -2  0   2  0  0  0  0  0/0     3:49   0:00   0:00 
Roman Josi               0  0  0  -1  0   2  1  4  0  0  0/0    27:01   6:11   6:32 
Steven Stamkos           0  1  1   1  2   1  0  0  0  0  6/18   18:19   5:46   0:00 
Vincent Trocheck         0  2  2   2  2   3  1  0  0  0  11/17  15:26   5:46   2:52 
Vladislav Namestnikov    0  1  1   1  0   1  0  0  0  0  0/1    13:01   0:00   0:27 
Zach Bogosian            0  0  0  -2  2   1  0  2  0  0  0/0    26:36   6:11   5:35 
Zbynek Michalek          1  1  2   2  2   2  1  3  0  0  0/0    23:05   5:43   3:43 

Players Stats for Canucks

Player Name              G  A  P  +/- PIM S  H  SB GA TA FO     MP     PP MP  PK MP  
------------------------------------------------------------------------------------
Alex Pietrangelo         0  0  0  -2  2   2  0  4  0  0  0/0    25:02   4:48   5:54 
Alexander Burmistrov     1  0  1  -1  0   2  1  0  0  0  8/13   14:21   0:00   7:01 
Brent Burns              0  1  1   1  2   2  3  5  0  0  0/0    25:49   6:46   6:02 
Chris Kreider            0  0  0  -3  0   1  3  0  0  0  0/0    11:02   0:00   0:45 
Cody Ceci                0  0  0  -2  4   1  0  0  0  0  0/0    20:58   6:46   4:12 
Curtis Lazar             0  0  0   0  2   0  1  0  0  0  1/1    12:02   0:00   4:08 
Elias Lindholm           0  0  0   0  0   2  1  0  0  0  1/6     7:55   0:00   0:00 
Erik Karlsson            0  0  0  -2  0   0  2  0  0  0  0/0    13:28   0:00   0:00 
Evander Kane             0  1  1   1  0   1  3  0  0  0  2/2    17:01   6:01   0:00 
Evgeny Kuznetsov         0  1  1   1  0   1  0  0  0  0  8/15   11:00   0:00   0:00 
Jimmy Hayes              0  0  0   0  2   0  1  0  0  0  1/1     7:54   0:00   0:00 
Jonas Brodin             0  0  0   1  0   0  2  4  0  0  0/0    19:03   0:00   6:54 
Logan Couture            0  0  0  -3  0   1  0  0  0  0  17/21  20:43   5:33   4:53 
Matt Beleskey            0  1  1  -1  0   1  1  0  0  0  0/0    12:53   5:33   0:00 
Mikkel Boedker           0  0  0  -3  0   2  0  1  0  0  0/0    16:18   6:01   0:00 
Reilly Smith             1  0  1   1  0   11 0  0  0  0  0/3    23:34   5:33   7:01 
Robby Fabbri             0  0  0  -1  0   5  0  0  0  0  10/20  13:21   6:01   0:00 
Simon Despres            0  0  0  -2  0   1  1  3  0  0  0/0    15:36   4:48   0:46 

3 Stars

1 - Zbynek Michalek (NSH)
2 - Derick Brassard (NSH)
3 - Joe Colborne (NSH)

Power Play

Predators - 0 on 6 Attempt(s) - 0.00%
Canucks - 0 on 6 Attempt(s) - 0.00%

Penalty Kill

Predators - 6 on 6 Attempt(s) - 100.00% - Score 0 goal in Penalty Kill
Canucks - 6 on 6 Attempt(s) - 100.00% - Score 0 goal in Penalty Kill

Team Stat

Predators - Hits : 6 - Faceoff Wins : 34 - Blocked Shots : 18 - Penalty Minutes : 12
Canucks - Hits : 19 - Faceoff Wins : 48 - Blocked Shots : 17 - Penalty Minutes : 12

Official

Referees : Kevin Pollock and Mike Hasenfratz
Linesman : Ryan Gibbons and Steve Miller

Game Notes

Yann Danis enters game at 7:46 of 2nd period

Finance

Level 1 -- Attendance: 6500 (100.00%) -- Ticket Income $585,000
Level 2 -- Attendance: 5000 (100.00%) -- Ticket Income $350,000
Level 3 -- Attendance: 3259 (93.11%) -- Ticket Income $153,173
Level 4 -- Attendance: 2656 (91.27%) -- Ticket Income $66,400
Luxury Box -- Attendance: 756 (75.60%) -- Ticket Income $189,000
Game was played at the Rogers Arena.
Total Attendance: 18171 (96.09%)
Total Ticket Income: $1,343,573
Other Income: $201,536
Total Income: $1,545,109

% Time on Ice - Predators

Lines # - Real PCT - Wanted PCT - Time Play
Normal Forward
1 - 34% - 40% - 12:34
2 - 36% - 30% - 13:20
3 - 19% - 20% - 6:49
4 - 10% - 10% - 3:49
Normal Defense
1 - 39% - 40% - 14:09
2 - 40% - 30% - 14:37
3 - 21% - 20% - 7:37
4 - 0% - 10% - 0:09
PP Forward
1 - 48% - 60% - 5:46
2 - 52% - 40% - 6:08
PP Defense
1 - 52% - 60% - 6:11
2 - 48% - 40% - 5:43
PK Forward
1 - 71% - 60% - 8:10
2 - 29% - 40% - 3:24
PK Defense
1 - 57% - 60% - 6:36
2 - 43% - 40% - 4:58
PK3 Forward
1 - 0% - 60%
2 - 0% - 40%
PK3 Defense
1 - 0% - 60%
2 - 0% - 40%
44 Forward
1 - 0% - 60%
2 - 0% - 40%
44 Defense
1 - 0% - 60%
2 - 0% - 40%
Last Minute Offensive  - 0:00
Last Minute Defensive  - 0:00
Total
Forward - 60:00
Defense - 60:00

% Time on Ice - Canucks

Lines # - Real PCT - Wanted PCT - Time Play
Normal Forward
1 - 30% - 33% - 11:00
2 - 28% - 31% - 10:17
3 - 20% - 24% - 7:20
4 - 22% - 12% - 7:55
Normal Defense
1 - 37% - 34% - 13:28
2 - 33% - 33% - 12:09
3 - 27% - 28% - 10:02
4 - 2% - 5% - 0:53
PP Forward
1 - 52% - 57% - 6:01
2 - 48% - 43% - 5:33
PP Defense
1 - 59% - 53% - 6:46
2 - 41% - 47% - 4:48
PK Forward
1 - 59% - 55% - 7:01
2 - 41% - 45% - 4:53
PK Defense
1 - 41% - 50% - 4:56
2 - 59% - 50% - 6:58
PK3 Forward
1 - 0% - 52%
2 - 0% - 48%
PK3 Defense
1 - 0% - 51%
2 - 0% - 49%
44 Forward
1 - 0% - 55%
2 - 0% - 45%
44 Defense
1 - 0% - 52%
2 - 0% - 48%
Last Minute Offensive  - 0:00
Last Minute Defensive  - 0:00
Total
Forward - 60:00
Defense - 60:00

Play by Play

1st period


0:01 of 1st period - Evgeny Kuznetsov wins face-off versus Vladislav Namestnikov in neutral zone.
0:04 of 1st period - Vladislav Namestnikov is hit by Evander Kane and loses puck.
0:24 of 1st period - Minor Penalty to Alex Pietrangelo for Tripping.
0:25 of 1st period - Alexander Burmistrov wins face-off versus Jaden Schwartz in Canucks zone.
0:37 of 1st period - Max Pacioretty is hit by Brent Burns and loses puck.
0:40 of 1st period - Shot by Klas Dahlbeck.
0:40 of 1st period - Stopped by Henrik Lundqvist with a rebound.
0:42 of 1st period - Shot by Max Pacioretty.
0:42 of 1st period - Stopped by Henrik Lundqvist without a rebound.
0:43 of 1st period - Alexander Burmistrov wins face-off versus Vincent Trocheck in Canucks zone.
1:04 of 1st period - Shot by Steven Stamkos.
1:04 of 1st period - Shot Misses the Net.
1:06 of 1st period - Shot by Roman Josi.
1:06 of 1st period - Stopped by Henrik Lundqvist with a rebound.
1:08 of 1st period - Shot by Roman Josi.
1:08 of 1st period - Shot Blocked by Brent Burns.
1:10 of 1st period - Shot by Steven Stamkos.
1:10 of 1st period - Shot Misses the Net.
1:12 of 1st period - Shot by Zach Bogosian.
1:12 of 1st period - Stopped by Henrik Lundqvist without a rebound.
1:13 of 1st period - Logan Couture wins face-off versus Jaden Schwartz in Canucks zone.
3:49 of 1st period - Shot by Curtis Lazar.
3:49 of 1st period - Shot Misses the Net.
3:55 of 1st period - Cody Ceci is hit by Vincent Trocheck and loses puck.
4:04 of 1st period - Shot by Vincent Trocheck.
4:04 of 1st period - Stopped by Henrik Lundqvist without a rebound.
4:05 of 1st period - Joe Colborne wins face-off versus Robby Fabbri in Canucks zone.
4:17 of 1st period - Shot by Alexander Burmistrov.
4:17 of 1st period - Goal by Alexander Burmistrov - Predators : 0 - Canucks : 1.
4:18 of 1st period - Steven Stamkos wins face-off versus Evgeny Kuznetsov in neutral zone.
4:38 of 1st period - Shot by Reilly Smith.
4:38 of 1st period - Shot Misses the Net.
4:40 of 1st period - Shot by Evgeny Kuznetsov.
4:40 of 1st period - Shot Misses the Net.
4:46 of 1st period - Shot by Reilly Smith.
4:46 of 1st period - Stopped by Pekka Rinne without a rebound.
4:47 of 1st period - Robby Fabbri wins face-off versus Vincent Trocheck in Predators zone.
5:31 of 1st period - Shot by Vincent Trocheck.
5:31 of 1st period - Shot Misses the Net.
5:43 of 1st period - Shot by Derick Brassard.
5:43 of 1st period - Shot Misses the Net.
5:45 of 1st period - Shot by Derick Brassard.
5:45 of 1st period - Stopped by Henrik Lundqvist without a rebound.
5:46 of 1st period - Logan Couture wins face-off versus Steven Stamkos in Canucks zone.
6:30 of 1st period - Steven Stamkos is hit by Jonas Brodin and loses puck.
6:53 of 1st period - Shot by Nicklas Backstrom.
6:53 of 1st period - Shot Blocked by Jonas Brodin.
6:55 of 1st period - Shot by Nicklas Backstrom.
6:55 of 1st period - Shot Blocked by Mikkel Boedker.
6:57 of 1st period - Shot by Klas Dahlbeck.
6:57 of 1st period - Shot Misses the Net.
6:59 of 1st period - Shot by Max Pacioretty.
6:59 of 1st period - Stopped by Henrik Lundqvist with a rebound.
7:26 of 1st period - Icing by Brent Burns.
7:27 of 1st period - Logan Couture wins face-off versus Joe Colborne in Canucks zone.
7:36 of 1st period - Shot by Joe Colborne.
7:36 of 1st period - Deflect By Phillip Di Giuseppe.
7:36 of 1st period - Stopped by Henrik Lundqvist without a rebound.
7:37 of 1st period - Evgeny Kuznetsov wins face-off versus Vincent Trocheck in Canucks zone.
8:01 of 1st period - Shot by Reilly Smith.
8:01 of 1st period - Stopped by Pekka Rinne without a rebound.
8:02 of 1st period - Robby Fabbri wins face-off versus Steven Stamkos in Predators zone.
8:14 of 1st period - Off-side.
8:15 of 1st period - Derick Brassard wins face-off versus Evgeny Kuznetsov in neutral zone.
8:20 of 1st period - Shot by Nicklas Backstrom.
8:20 of 1st period - Shot Misses the Net.
8:23 of 1st period - Icing by Cody Ceci.
8:24 of 1st period - Evgeny Kuznetsov wins face-off versus Steven Stamkos in Canucks zone.
8:32 of 1st period - Minor Penalty to Cody Ceci for Goalie Interference.
8:33 of 1st period - Alexander Burmistrov wins face-off versus Steven Stamkos in Canucks zone.
8:33 of 1st period - Alexander Burmistrov is hit by Kevin Hayes.
8:56 of 1st period - Icing by Vincent Trocheck.
8:57 of 1st period - Vincent Trocheck wins face-off versus Alexander Burmistrov in Predators zone.
9:43 of 1st period - Shot by Logan Couture.
9:43 of 1st period - Shot Blocked by Klas Dahlbeck.
10:13 of 1st period - Shot by Max Pacioretty.
10:13 of 1st period - Shot Blocked by Jonas Brodin.
10:58 of 1st period - Shot by Derick Brassard.
10:58 of 1st period - Shot Misses the Net.
11:00 of 1st period - Shot by Zbynek Michalek.
11:00 of 1st period - Goal by Zbynek Michalek - Predators : 1 - Canucks : 1.
11:01 of 1st period - Joe Colborne wins face-off versus Elias Lindholm in neutral zone.
11:11 of 1st period - Shot by Phillip Di Giuseppe.
11:11 of 1st period - Stopped by Henrik Lundqvist without a rebound.
11:12 of 1st period - Evgeny Kuznetsov wins face-off versus Steven Stamkos in Canucks zone.
11:46 of 1st period - Vladislav Namestnikov is hit by Erik Karlsson and loses puck.
12:19 of 1st period - Shot by Robby Fabbri.
12:19 of 1st period - Shot Blocked by John Moore.
12:21 of 1st period - Shot by Jonas Brodin.
12:21 of 1st period - Shot Blocked by John Moore.
12:25 of 1st period - Shot by Robby Fabbri.
12:25 of 1st period - Stopped by Pekka Rinne with a rebound.
13:21 of 1st period - Shot by Derick Brassard.
13:21 of 1st period - Shot Blocked by Simon Despres.
13:23 of 1st period - Shot by Oscar Klefbom.
13:23 of 1st period - Goal by Oscar Klefbom - Predators : 2 - Canucks : 1.
13:24 of 1st period - Jimmy Hayes wins face-off versus Steven Stamkos in neutral zone.
13:33 of 1st period - Shot by Roman Josi.
13:33 of 1st period - Stopped by Henrik Lundqvist with a rebound.
13:55 of 1st period - Shot by Jimmy Hayes.
13:55 of 1st period - Shot Misses the Net.
14:16 of 1st period - Steven Stamkos is hit by Simon Despres and loses puck.
14:26 of 1st period - Minor Penalty to Cody Ceci for Tripping.
14:27 of 1st period - Jaden Schwartz wins face-off versus Alexander Burmistrov in Canucks zone.
14:42 of 1st period - Shot by Klas Dahlbeck.
14:42 of 1st period - Shot Misses the Net.
14:54 of 1st period - Klas Dahlbeck is hit by Curtis Lazar and loses puck.
14:58 of 1st period - Icing by Klas Dahlbeck.
14:59 of 1st period - Alexander Burmistrov wins face-off versus Jaden Schwartz in Predators zone.
15:43 of 1st period - Shot by Steven Stamkos.
15:43 of 1st period - Shot Misses the Net.
15:47 of 1st period - Shot by Vincent Trocheck.
15:47 of 1st period - Stopped by Henrik Lundqvist without a rebound.
15:48 of 1st period - Vincent Trocheck wins face-off versus Alexander Burmistrov in Canucks zone.
16:03 of 1st period - Shot by Roman Josi.
16:03 of 1st period - Shot Blocked by Brent Burns.
16:05 of 1st period - Shot by Vincent Trocheck.
16:05 of 1st period - Shot Misses the Net.
16:07 of 1st period - Shot by Vincent Trocheck.
16:07 of 1st period - Stopped by Henrik Lundqvist without a rebound.
16:08 of 1st period - Alexander Burmistrov wins face-off versus Jaden Schwartz in Canucks zone.
16:14 of 1st period - Icing by J.T. Miller.
16:15 of 1st period - Alexander Burmistrov wins face-off versus Jaden Schwartz in Predators zone.
16:44 of 1st period - Shot by Nicklas Backstrom.
16:44 of 1st period - Stopped by Henrik Lundqvist without a rebound.
16:45 of 1st period - Evgeny Kuznetsov wins face-off versus Joe Colborne in Canucks zone.
16:59 of 1st period - Evgeny Kuznetsov is hit by Roman Josi and loses puck.
17:52 of 1st period - Shot by Steven Stamkos.
17:52 of 1st period - Shot Misses the Net.
18:16 of 1st period - Shot by Oscar Klefbom.
18:16 of 1st period - Shot Misses the Net.
18:18 of 1st period - Shot by Vladislav Namestnikov.
18:18 of 1st period - Shot Misses the Net.
18:26 of 1st period - Shot by Steven Stamkos.
18:26 of 1st period - Shot Blocked by Brent Burns.
18:52 of 1st period - Chris Kreider is hit by Max Pacioretty and loses puck.
19:56 of 1st period - Shot by Evgeny Kuznetsov.
19:56 of 1st period - Shot Misses the Net.
Goals for this period are 2 for Predators vs 1 for Canucks.
Shots for this period are 15 for Predators vs 4 for Canucks.

2nd period


0:01 of 2nd period - Steven Stamkos wins face-off versus Evgeny Kuznetsov in neutral zone.
0:10 of 2nd period - Shot by Kevin Hayes.
0:10 of 2nd period - Stopped by Henrik Lundqvist with a rebound.
0:14 of 2nd period - Shot by Kevin Hayes.
0:14 of 2nd period - Shot Blocked by Brent Burns.
0:37 of 2nd period - Vladislav Namestnikov is hit by Evander Kane and loses puck.
1:08 of 2nd period - Icing by Oscar Klefbom.
1:09 of 2nd period - Logan Couture wins face-off versus Derick Brassard in Predators zone.
1:21 of 2nd period - Shot by Logan Couture.
1:21 of 2nd period - Stopped by Pekka Rinne without a rebound.
1:22 of 2nd period - Vincent Trocheck wins face-off versus Robby Fabbri in Predators zone.
1:24 of 2nd period - Minor Penalty to Vincent Trocheck for High sticking.
1:25 of 2nd period - J.T. Miller wins face-off versus Robby Fabbri in Predators zone.
1:43 of 2nd period - Off-side.
1:44 of 2nd period - J.T. Miller wins face-off versus Reilly Smith in neutral zone.
1:56 of 2nd period - Shot by Logan Couture.
1:56 of 2nd period - Shot Misses the Net.
1:58 of 2nd period - Shot by Reilly Smith.
1:58 of 2nd period - Stopped by Pekka Rinne with a rebound.
2:00 of 2nd period - Shot by Cody Ceci.
2:00 of 2nd period - Stopped by Pekka Rinne without a rebound.
2:01 of 2nd period - Robby Fabbri wins face-off versus J.T. Miller in Predators zone.
2:10 of 2nd period - Shot by Robby Fabbri.
2:10 of 2nd period - Stopped by Pekka Rinne with a rebound.
2:12 of 2nd period - Shot by Robby Fabbri.
2:12 of 2nd period - Stopped by Pekka Rinne without a rebound.
2:13 of 2nd period - Logan Couture wins face-off versus J.T. Miller in Predators zone.
2:42 of 2nd period - Shot by Brent Burns.
2:42 of 2nd period - Shot Blocked by Max Pacioretty.
2:44 of 2nd period - Shot by Cody Ceci.
2:44 of 2nd period - Shot Misses the Net.
3:32 of 2nd period - Icing by Nicklas Backstrom.
3:33 of 2nd period - Derick Brassard wins face-off versus Elias Lindholm in Predators zone.
3:56 of 2nd period - Shot by Derick Brassard.
3:56 of 2nd period - Shot Blocked by Alex Pietrangelo.
4:05 of 2nd period - Minor Penalty to Zbynek Michalek for Hooking.
4:06 of 2nd period - Robby Fabbri wins face-off versus J.T. Miller in Predators zone.
4:29 of 2nd period - Shot by Evander Kane.
4:29 of 2nd period - Stopped by Pekka Rinne without a rebound.
4:30 of 2nd period - Logan Couture wins face-off versus J.T. Miller in Predators zone.
4:37 of 2nd period - Shot by Alex Pietrangelo.
4:37 of 2nd period - Shot Blocked by Roman Josi.
4:39 of 2nd period - Shot by Reilly Smith.
4:39 of 2nd period - Stopped by Pekka Rinne without a rebound.
4:40 of 2nd period - Evander Kane wins face-off versus J.T. Miller in Predators zone.
4:41 of 2nd period - Shot by Mikkel Boedker.
4:41 of 2nd period - Shot Blocked by Zach Bogosian.
4:43 of 2nd period - Shot by Cody Ceci.
4:43 of 2nd period - Shot Misses the Net.
4:45 of 2nd period - Shot by Evander Kane.
4:45 of 2nd period - Shot Blocked by Klas Dahlbeck.
4:47 of 2nd period - Shot by Brent Burns.
4:47 of 2nd period - Stopped by Pekka Rinne with a rebound.
4:49 of 2nd period - Shot by Mikkel Boedker.
4:49 of 2nd period - Shot Misses the Net.
4:55 of 2nd period - Shot by Robby Fabbri.
4:55 of 2nd period - Shot Misses the Net.
5:54 of 2nd period - Shot by Matt Beleskey.
5:54 of 2nd period - Stopped by Pekka Rinne without a rebound.
5:55 of 2nd period - Logan Couture wins face-off versus J.T. Miller in Predators zone.
6:10 of 2nd period - Shot by Matt Beleskey.
6:10 of 2nd period - Deflect By Elias Lindholm.
6:10 of 2nd period - Shot Blocked by Zbynek Michalek.
7:06 of 2nd period - Icing by Jaden Schwartz.
7:07 of 2nd period - Evgeny Kuznetsov wins face-off versus Vincent Trocheck in Predators zone.
7:20 of 2nd period - Shot by Vincent Trocheck.
7:20 of 2nd period - Shot Blocked by Brent Burns.
7:22 of 2nd period - Shot by Jaden Schwartz.
7:22 of 2nd period - Stopped by Henrik Lundqvist without a rebound.
7:23 of 2nd period - Logan Couture wins face-off versus Steven Stamkos in Canucks zone.
7:44 of 2nd period - Shot by Steven Stamkos.
7:44 of 2nd period - Deflect By Kevin Hayes.
7:44 of 2nd period - Shot Blocked by Simon Despres.
7:46 of 2nd period - Shot by Steven Stamkos.
7:46 of 2nd period - Deflect By Kevin Hayes.
7:46 of 2nd period - Goal by Kevin Hayes - Predators : 3 - Canucks : 1.
7:46 of 2nd period - Yann Danis enters game.
7:47 of 2nd period - Vincent Trocheck wins face-off versus Evgeny Kuznetsov in neutral zone.
7:49 of 2nd period - Jaden Schwartz is hit by Jonas Brodin and loses puck.
7:54 of 2nd period - Shot by Joe Colborne.
7:54 of 2nd period - Shot Misses the Net.
8:12 of 2nd period - Shot by Reilly Smith.
8:12 of 2nd period - Shot Misses the Net.
8:37 of 2nd period - Icing by Jonas Brodin.
8:38 of 2nd period - Steven Stamkos wins face-off versus Evgeny Kuznetsov in Canucks zone.
8:38 of 2nd period - Steven Stamkos is hit by Brent Burns.
8:42 of 2nd period - Shot by Steven Stamkos.
8:42 of 2nd period - Shot Misses the Net.
8:52 of 2nd period - Shot by Kevin Hayes.
8:52 of 2nd period - Shot Misses the Net.
9:41 of 2nd period - Icing by Cody Ceci.
9:42 of 2nd period - Logan Couture wins face-off versus Derick Brassard in Canucks zone.
10:21 of 2nd period - Shot by Derick Brassard.
10:21 of 2nd period - Shot Blocked by Simon Despres.
10:23 of 2nd period - Shot by Zbynek Michalek.
10:23 of 2nd period - Stopped by Yann Danis without a rebound.
10:24 of 2nd period - Vincent Trocheck wins face-off versus Robby Fabbri in Canucks zone.
10:31 of 2nd period - Shot by Joe Colborne.
10:31 of 2nd period - Goal by Joe Colborne - Predators : 4 - Canucks : 1.
10:32 of 2nd period - Vincent Trocheck wins face-off versus Robby Fabbri in neutral zone.
10:39 of 2nd period - Shot by Vincent Trocheck.
10:39 of 2nd period - Shot Blocked by Alex Pietrangelo.
10:41 of 2nd period - Shot by John Moore.
10:41 of 2nd period - Stopped by Yann Danis with a rebound.
10:43 of 2nd period - Shot by Joe Colborne.
10:43 of 2nd period - Goal by Joe Colborne - Predators : 5 - Canucks : 1.
10:44 of 2nd period - Steven Stamkos wins face-off versus Elias Lindholm in neutral zone.
10:53 of 2nd period - Shot by Steven Stamkos.
10:53 of 2nd period - Deflect By Vladislav Namestnikov.
10:53 of 2nd period - Stopped by Yann Danis with a rebound.
11:12 of 2nd period - Vladislav Namestnikov is hit by Erik Karlsson and loses puck.
11:23 of 2nd period - Shot by Vladislav Namestnikov.
11:23 of 2nd period - Shot Misses the Net.
11:29 of 2nd period - Shot by Vladislav Namestnikov.
11:29 of 2nd period - Deflect By Steven Stamkos.
11:29 of 2nd period - Stopped by Yann Danis with a rebound.
12:01 of 2nd period - Shot by Alexander Burmistrov.
12:01 of 2nd period - Stopped by Pekka Rinne with a rebound.
12:03 of 2nd period - Shot by Cody Ceci.
12:03 of 2nd period - Shot Blocked by Zbynek Michalek.
12:24 of 2nd period - Robby Fabbri is hit by Zbynek Michalek.
12:31 of 2nd period - Icing by Oscar Klefbom.
12:32 of 2nd period - Derick Brassard wins face-off versus Reilly Smith in Predators zone.
12:44 of 2nd period - Shot by Reilly Smith.
12:44 of 2nd period - Shot Misses the Net.
12:50 of 2nd period - Shot by Evander Kane.
12:50 of 2nd period - Shot Misses the Net.
12:52 of 2nd period - Shot by Brent Burns.
12:52 of 2nd period - Stopped by Pekka Rinne without a rebound.
12:53 of 2nd period - Logan Couture wins face-off versus Steven Stamkos in Predators zone.
13:20 of 2nd period - Icing by Alex Pietrangelo.
13:21 of 2nd period - Vincent Trocheck wins face-off versus Logan Couture in Canucks zone.
13:34 of 2nd period - Vincent Trocheck is hit by Chris Kreider and loses puck.
13:55 of 2nd period - Off-side.
13:56 of 2nd period - Steven Stamkos wins face-off versus Evgeny Kuznetsov in neutral zone.
13:56 of 2nd period - Zach Bogosian is hit by Evander Kane and loses puck.
14:15 of 2nd period - Shot by Reilly Smith.
14:15 of 2nd period - Stopped by Pekka Rinne without a rebound.
14:16 of 2nd period - Derick Brassard wins face-off versus Robby Fabbri in Predators zone.
14:23 of 2nd period - Simon Despres is hit by Derick Brassard and loses puck.
15:11 of 2nd period - Roman Josi is hit by Matt Beleskey and loses puck.
15:28 of 2nd period - Shot by Reilly Smith.
15:28 of 2nd period - Shot Misses the Net.
15:30 of 2nd period - Shot by Evgeny Kuznetsov.
15:30 of 2nd period - Stopped by Pekka Rinne with a rebound.
15:32 of 2nd period - Shot by Reilly Smith.
15:32 of 2nd period - Stopped by Pekka Rinne without a rebound.
15:33 of 2nd period - Logan Couture wins face-off versus Joe Colborne in Predators zone.
15:38 of 2nd period - Shot by Alex Pietrangelo.
15:38 of 2nd period - Stopped by Pekka Rinne without a rebound.
15:39 of 2nd period - Joe Colborne wins face-off versus Evgeny Kuznetsov in Predators zone.
15:45 of 2nd period - Minor Penalty to J.T. Miller for Holding.
15:46 of 2nd period - Robby Fabbri wins face-off versus Jaden Schwartz in Predators zone.
15:55 of 2nd period - Shot by Robby Fabbri.
15:55 of 2nd period - Deflect By Evander Kane.
15:55 of 2nd period - Shot Blocked by Roman Josi.
15:59 of 2nd period - Shot by Brent Burns.
15:59 of 2nd period - Shot Blocked by Roman Josi.
16:01 of 2nd period - Shot by Robby Fabbri.
16:01 of 2nd period - Shot Misses the Net.
16:03 of 2nd period - Shot by Robby Fabbri.
16:03 of 2nd period - Stopped by Pekka Rinne with a rebound.
16:23 of 2nd period - Shot by Robby Fabbri.
16:23 of 2nd period - Shot Hit the Post.
16:49 of 2nd period - Shot by Matt Beleskey.
16:49 of 2nd period - Shot Blocked by Kevin Hayes.
16:51 of 2nd period - Shot by Alex Pietrangelo.
16:51 of 2nd period - Stopped by Pekka Rinne without a rebound.
16:52 of 2nd period - Logan Couture wins face-off versus Max Pacioretty in Predators zone.
17:01 of 2nd period - Shot by Logan Couture.
17:01 of 2nd period - Shot Blocked by Zach Bogosian.
17:49 of 2nd period - Shot by Elias Lindholm.
17:49 of 2nd period - Stopped by Pekka Rinne with a rebound.
17:51 of 2nd period - Shot by Elias Lindholm.
17:51 of 2nd period - Shot Misses the Net.
17:53 of 2nd period - Shot by Curtis Lazar.
17:53 of 2nd period - Shot Misses the Net.
17:55 of 2nd period - Shot by Brent Burns.
17:55 of 2nd period - Shot Blocked by Oscar Klefbom.
18:15 of 2nd period - Shot by Derick Brassard.
18:15 of 2nd period - Shot Blocked by Jonas Brodin.
18:47 of 2nd period - Shot by Reilly Smith.
18:47 of 2nd period - Stopped by Pekka Rinne without a rebound.
18:48 of 2nd period - J.T. Miller wins face-off versus Logan Couture in Predators zone.
19:14 of 2nd period - Icing by Zach Bogosian.
19:15 of 2nd period - Robby Fabbri wins face-off versus Joe Colborne in Predators zone.
19:21 of 2nd period - Icing by Roman Josi.
19:22 of 2nd period - Evgeny Kuznetsov wins face-off versus Joe Colborne in Predators zone.
19:51 of 2nd period - Shot by Joe Colborne.
19:51 of 2nd period - Stopped by Yann Danis without a rebound.
19:52 of 2nd period - Logan Couture wins face-off versus Steven Stamkos in Canucks zone.
19:54 of 2nd period - Minor Penalty to Steven Stamkos for Hooking.
19:55 of 2nd period - Robby Fabbri wins face-off versus J.T. Miller in Predators zone.
19:58 of 2nd period - Shot by Cody Ceci.
19:58 of 2nd period - Shot Blocked by Zbynek Michalek.
Goals for this period are 3 for Predators vs 0 for Canucks.
Shots for this period are 10 for Predators vs 19 for Canucks.

3rd period


0:01 of 3rd period - J.T. Miller wins face-off versus Robby Fabbri in neutral zone.
0:22 of 3rd period - Shot by Robby Fabbri.
0:22 of 3rd period - Shot Misses the Net.
0:24 of 3rd period - Shot by Cody Ceci.
0:24 of 3rd period - Shot Misses the Net.
1:28 of 3rd period - Shot by Reilly Smith.
1:28 of 3rd period - Shot Misses the Net.
1:30 of 3rd period - Shot by Simon Despres.
1:30 of 3rd period - Stopped by Pekka Rinne without a rebound.
1:31 of 3rd period - J.T. Miller wins face-off versus Robby Fabbri in Predators zone.
1:56 of 3rd period - Shot by Mikkel Boedker.
1:56 of 3rd period - Shot Misses the Net.
2:28 of 3rd period - Minor Penalty to Curtis Lazar for Delaying the game.
2:29 of 3rd period - Vincent Trocheck wins face-off versus Alexander Burmistrov in Canucks zone.
2:53 of 3rd period - Icing by Steven Stamkos.
2:54 of 3rd period - Vincent Trocheck wins face-off versus Reilly Smith in Predators zone.
2:54 of 3rd period - Vincent Trocheck is hit by Alexander Burmistrov.
2:59 of 3rd period - Roman Josi is hit by Brent Burns and loses puck.
3:56 of 3rd period - Shot by Max Pacioretty.
3:56 of 3rd period - Shot Misses the Net.
3:58 of 3rd period - Shot by Max Pacioretty.
3:58 of 3rd period - Shot Blocked by Alex Pietrangelo.
5:46 of 3rd period - Shot by Chris Kreider.
5:46 of 3rd period - Stopped by Pekka Rinne without a rebound.
5:47 of 3rd period - Evander Kane wins face-off versus Joe Colborne in Predators zone.
6:00 of 3rd period - Shot by J.T. Miller.
6:00 of 3rd period - Stopped by Yann Danis without a rebound.
6:01 of 3rd period - Derick Brassard wins face-off versus Robby Fabbri in Canucks zone.
7:08 of 3rd period - Minor Penalty to Joe Colborne for Hooking.
7:09 of 3rd period - Robby Fabbri wins face-off versus J.T. Miller in Predators zone.
7:16 of 3rd period - Shot by Mikkel Boedker.
7:16 of 3rd period - Stopped by Pekka Rinne without a rebound.
7:17 of 3rd period - Logan Couture wins face-off versus J.T. Miller in Predators zone.
7:18 of 3rd period - Shot by Reilly Smith.
7:18 of 3rd period - Stopped by Pekka Rinne without a rebound.
7:19 of 3rd period - J.T. Miller wins face-off versus Logan Couture in Predators zone.
7:40 of 3rd period - Shot by Reilly Smith.
7:40 of 3rd period - Stopped by Pekka Rinne without a rebound.
7:41 of 3rd period - Robby Fabbri wins face-off versus J.T. Miller in Predators zone.
7:54 of 3rd period - Shot by Mikkel Boedker.
7:54 of 3rd period - Shot Misses the Net.
8:04 of 3rd period - Shot by Alex Pietrangelo.
8:04 of 3rd period - Shot Misses the Net.
8:24 of 3rd period - Shot by Evander Kane.
8:24 of 3rd period - Deflect By Robby Fabbri.
8:24 of 3rd period - Stopped by Pekka Rinne with a rebound.
9:17 of 3rd period - Oscar Klefbom is hit by Elias Lindholm and loses puck.
9:31 of 3rd period - Icing by Alex Pietrangelo.
9:32 of 3rd period - Elias Lindholm wins face-off versus Vincent Trocheck in Canucks zone.
10:07 of 3rd period - Shot by Vincent Trocheck.
10:07 of 3rd period - Shot Blocked by Jonas Brodin.
10:22 of 3rd period - Off-side.
10:23 of 3rd period - Logan Couture wins face-off versus Steven Stamkos in neutral zone.
10:26 of 3rd period - Oscar Klefbom is hit by Chris Kreider and loses puck.
10:30 of 3rd period - Icing by Oscar Klefbom.
10:31 of 3rd period - Logan Couture wins face-off versus Steven Stamkos in Predators zone.
10:34 of 3rd period - Shot by Mikkel Boedker.
10:34 of 3rd period - Shot Misses the Net.
10:37 of 3rd period - Icing by Vladislav Namestnikov.
10:38 of 3rd period - Evgeny Kuznetsov wins face-off versus Steven Stamkos in Predators zone.
11:01 of 3rd period - Shot by Vladislav Namestnikov.
11:01 of 3rd period - Shot Misses the Net.
11:02 of 3rd period - Minor Penalty to Brent Burns for Charging.
11:03 of 3rd period - Alexander Burmistrov wins face-off versus Jaden Schwartz in Canucks zone.
11:36 of 3rd period - Icing by Roman Josi.
11:37 of 3rd period - Curtis Lazar wins face-off versus Jaden Schwartz in Predators zone.
11:40 of 3rd period - Shot by Logan Couture.
11:40 of 3rd period - Shot Blocked by Jaden Schwartz.
11:52 of 3rd period - Shot by Max Pacioretty.
11:52 of 3rd period - Shot Misses the Net.
11:54 of 3rd period - Shot by Max Pacioretty.
11:54 of 3rd period - Shot Misses the Net.
11:56 of 3rd period - Shot by Jaden Schwartz.
11:56 of 3rd period - Stopped by Yann Danis without a rebound.
11:57 of 3rd period - Alexander Burmistrov wins face-off versus Kevin Hayes in Canucks zone.
12:29 of 3rd period - Shot by Vincent Trocheck.
12:29 of 3rd period - Shot Misses the Net.
12:31 of 3rd period - Shot by Klas Dahlbeck.
12:31 of 3rd period - Shot Blocked by Alex Pietrangelo.
13:23 of 3rd period - Nicklas Backstrom is hit by Chris Kreider.
13:35 of 3rd period - Shot by Mikkel Boedker.
13:35 of 3rd period - Stopped by Pekka Rinne without a rebound.
13:36 of 3rd period - Joe Colborne wins face-off versus Elias Lindholm in Predators zone.
13:36 of 3rd period - Joe Colborne is hit by Jimmy Hayes.
13:44 of 3rd period - Shot by Jimmy Hayes.
13:44 of 3rd period - Deflect By Elias Lindholm.
13:44 of 3rd period - Stopped by Pekka Rinne without a rebound.
13:45 of 3rd period - Steven Stamkos wins face-off versus Elias Lindholm in Predators zone.
13:47 of 3rd period - Minor Penalty to Jimmy Hayes for Hooking.
13:48 of 3rd period - Vincent Trocheck wins face-off versus Alexander Burmistrov in Canucks zone.
14:13 of 3rd period - Shot by Kevin Hayes.
14:13 of 3rd period - Deflect By Steven Stamkos.
14:13 of 3rd period - Shot Misses the Net.
14:51 of 3rd period - Icing by Kevin Hayes.
14:52 of 3rd period - Logan Couture wins face-off versus Vincent Trocheck in Predators zone.
16:19 of 3rd period - Shot by Reilly Smith.
16:19 of 3rd period - Goal by Reilly Smith - Predators : 5 - Canucks : 2.
16:20 of 3rd period - Robby Fabbri wins face-off versus Derick Brassard in neutral zone.
18:20 of 3rd period - Minor Penalty to Zach Bogosian for Hooking.
18:21 of 3rd period - J.T. Miller wins face-off versus Robby Fabbri in Predators zone.
18:34 of 3rd period - Shot by Kevin Hayes.
18:34 of 3rd period - Shot Misses the Net.
18:48 of 3rd period - Shot by Alex Pietrangelo.
18:48 of 3rd period - Shot Blocked by John Moore.
19:23 of 3rd period - Shot by Brent Burns.
19:23 of 3rd period - Shot Blocked by Roman Josi.
19:25 of 3rd period - Shot by Reilly Smith.
19:25 of 3rd period - Shot Misses the Net.
19:27 of 3rd period - Shot by Reilly Smith.
19:27 of 3rd period - Stopped by Pekka Rinne without a rebound.
19:28 of 3rd period - Vincent Trocheck wins face-off versus Logan Couture in Predators zone.
Goals for this period are 0 for Predators vs 1 for Canucks.
Shots for this period are 2 for Predators vs 10 for Canucks.